 Dungeon Crawl Stone Soup version 0.31-a0-210-gccc998df9b (webtiles) character file.

Game seed: 6246924983907632354

739 ders the Conjurer (level 7, -1/36 HPs)
             Began as a Gargoyle Earth Elementalist on June 29, 2023.
             Was an Initiate of Vehumet.
             Slain by a gnoll
             ... wielding a +4 spear
             ... led by a gnoll bouda
              (8 damage)
             ... on level 6 of the Dungeon.
             The game lasted 00:08:14 (3900 turns).

ders the Conjurer (Gargoyle Earth Elementalist)     Turns: 3900, Time: 00:08:14

Health: -1/36      AC: 10    Str: 12    XL:     7   Next: 75%
Magic:  2/13       EV: 11    Int: 17    God:    Vehumet [......]
Gold:   47         SH:  0    Dex: 10    Spells: 10/14 levels left

rFire   . . .        h - staff of air
rCold   . . .        (no shield)
rNeg    + . .        a - +0 robe
rPois   ∞            (no helmet)
rElec   +            (no cloak)
rCorr   .            (no gloves)
SInv    .            (no boots)
Will    .....        p - amulet of magic regeneration
Stlth   ++           r - +4 ring of protection
HPRegen 0.26/turn    (no ring)
MPRegen 0.53/turn

%: no passive effects
@: no status effects
A: sickness immunity, AC +4, negative energy resistance 1, electricity
resistance, torment resistance 1, petrification resistance
a: Renounce Religion


You were on level 6 of the Dungeon.
You worshipped Vehumet.
Vehumet was noncommittal.
You visited 2 branches of the dungeon, and saw 6 of its levels.
You also visited: Sewer.

You collected 122 gold pieces.
You spent 75 gold pieces at shops.

Inventory:

Hand Weapons
 b - a +0 short sword
Missiles
 d - a throwing net
Armour
 a - a +0 robe (worn)
Magical Staves
 h - a staff of air (weapon)
Jewellery
 i - an amulet of guardian spirit
 m - an amulet of the acrobat
 p - an amulet of magic regeneration (around neck)
 r - a +4 ring of protection (left hand)
Scrolls
 c - 2 scrolls of vulnerability
 g - 2 scrolls of identify
 k - 2 scrolls of silence
Potions
 o - 2 potions of enlightenment


   Skills:
 - Level 1.5 Dodging
 - Level 2.1 Stealth
 + Level 4.1 Spellcasting
 * Level 6.3 Conjurations
 + Level 3.4 Summonings
 - Level 0.7 Transmutations
 - Level 3.8 Earth Magic


You had 10 spell levels left.
You knew the following spells:

 Your Spells              Type           Power      Damage    Failure   Level
a - Sandblast             Erth           32%        2d9       3%          1
b - Stone Arrow           Conj/Erth      40%        3d9       6%          3

Your spell library contained the following spells:

 Spells                   Type           Power      Damage    Failure   Level
 Passwall                 Tmut/Erth      9%         N/A       10%         2
 Summon Guardian Golem    Hex/Summ       9%         N/A       22%         3
 Petrify                  Tmut/Erth      11%        N/A       52%         4
 Orb of Destruction       Conj           12%        9d7       100%        7
 Spellforged Servitor     Conj/Summ      10%        N/A       100%        7


Dungeon Overview and Level Annotations

Branches:
Dungeon (6/15)             Temple (1/1) D:6           Sewer (visited)

Altars:
Cheibriados
Dithmenos
Fedhas
Hepliaklqana
Kikubaaqudgha
Nemelex Xobeh
Okawaru
Qazlal
Ru
Sif Muna
Uskayaw
Vehumet
Wu Jian
Xom
Yredelemnul
Zin
The Shining One

Shops:
D:2 ?

Annotations:
D:3 1 runed translucent door, lmSkywalker's ghost, amateur DsNe
D:6 Maggie
Temple 2 transporters


Innate Abilities, Weirdness & Mutations

You are immune to sickness and miasma.
Your stone body is resilient. (AC +4)
You are immune to poison.
You resist negative energy. (rN+)
You are resistant to electric shocks. (rElec)
You are resistant to unholy torment.
You are immune to petrification.


Message History

Press: ? - help, Shift-Dir - straight line, f - orc
Aim: an orc, wielding a +0 mace (purple smoke, 71% to hit)
The stone arrow hits the orc!
You kill the orc!
Vehumet accepts your kill.
Your attacks no longer feel as feeble.
You hear a shout!
The gnoll bouda barks out a call to the hunt!
The gnoll closely misses you.
Unknown command.
Casting: Stone Arrow (dangerous; 6% risk of failure)
Confirm with . or Enter, or press ? or * to list all spells.
Aiming: Sandblast (safe; 3% risk of failure)
Press: ? - help, Shift-Dir - straight line, f - gnoll bouda
Aim: a gnoll bouda, wielding a +0 whip and wearing a +2 leather armour of fire resistance (purple smoke, 84% to hit)
The blast of sand hits the gnoll bouda but does no damage.
The gnoll bouda closely misses you.
The gnoll hits you from afar with a +4 spear.
The gnoll bouda hits you but does no damage.
Unknown command.
You hit the gnoll bouda but do no damage.
The gnoll hits you from afar with a +4 spear.
* * * LOW HITPOINT WARNING * * *
The gnoll bouda hits you with a +0 whip.
* * * LOW HITPOINT WARNING * * *
The gnoll hits you from afar with a +4 spear.
* * * LOW HITPOINT WARNING * * *
Your magical contamination has completely faded away.
Okay, then.
Okay, then.
You aren't carrying any items that you can evoke.
Casting: Sandblast (safe; 3% risk of failure)
Confirm with . or Enter, or press ? or * to list all spells.
Aiming: Sandblast (safe; 3% risk of failure)
Press: ? - help, Shift-Dir - straight line, f/p - gnoll bouda
Aim: a gnoll bouda, wielding a +0 whip and wearing a +2 leather armour of fire resistance (84% to hit)
The blast of sand hits the gnoll bouda but does no damage.
The gnoll bouda misses you.
The gnoll hits you from afar with a +4 spear!
You die...

#.......#
#.......#
#.......#
#.......#
######.......#
#@g)##.......#
###g##.......#
#§o§.......#####
####o...........
##...........
####....>...
#........
##.......
#.......


You could see a gnoll bouda, a gnoll (swift) and an orc.

Vanquished Creatures
  Grinder (D:4)
  A water moccasin (D:6)
  A phantom (D:6)
  2 kobold brigands (Sewer)
  A wight (D:6)
  An orc priest (D:4)
  An orc wizard (D:4)
  2 adders
  A river rat (D:6)
  4 worms
  A dart slug (D:4)
  15 orcs
  2 giant cockroaches
  A goblin (D:3)
  2 hobgoblins
  10 jackals
  7 kobolds
  2 quokkas
  8 ball pythons
  8 bats
  2 frilled lizards (D:3)
  6 rats
79 creatures vanquished.

Notes
Turn   | Place    | Note
-------+----------+-------------------------------------------
     0 | D:1      | ders the Gargoyle Earth Elementalist began the quest for
                  | the Orb.
     0 | D:1      | Reached XP level 1. HP: 10/10 MP: 3/3
    69 | D:1      | Found a faded altar of an unknown god.
   186 | D:1      | Reached skill level 1 in Conjurations
   222 | D:1      | Reached XP level 2. HP: 15/15 MP: 3/5
   828 | D:2      | Reached skill level 2 in Conjurations
   828 | D:2      | Reached XP level 3. HP: 7/19 MP: 1/6
  1445 | D:2      | Reached skill level 1 in Summonings
  1504 | D:2      | Found Soel's Magic Scroll Boutique.
  1514 | D:2      | Bought a scroll of blinking for 75 gold pieces
  1845 | D:3      | Found a runed translucent door.
  1850 | D:3      | Learned a level 3 spell: Stone Arrow
  1850 | D:3      | Noticed lmSkywalker's ghost (amateur DsNe)
  1965 | D:3      | Found a snail-covered altar of Cheibriados.
  1965 | D:3      | Found an ancient bone altar of Kikubaaqudgha.
  1965 | D:3      | Found a shadowy altar of Dithmenos.
  1971 | D:3      | Reached XP level 4. HP: 19/24 MP: 3/7
  2431 | D:3      | Reached skill level 3 in Conjurations
  2570 | D:4      | Noticed Grinder
  2582 | D:4      | Paralysed by Grinder for 5 turns
  2598 | D:4      | Killed Grinder
  2599 | D:4      | Reached skill level 4 in Conjurations
  2599 | D:4      | Reached XP level 5. HP: 20/28 MP: 0/9
  2599 | D:4      | Reached XP level 6. HP: 23/32 MP: 0/10
  2971 | D:4      | HP: 1/32 [something (2)]
  3256 | D:4      | You fall into a shaft and drop 2 floors!
  3285 | D:6      | Reached skill level 5 in Conjurations
  3382 | D:6      | Noticed Maggie
  3414 | D:6      | Reached XP level 7. HP: 32/36 MP: 6/12
  3527 | D:6      | Found a staircase to the Ecumenical Temple.
  3531 | Temple   | Entered the Ecumenical Temple
  3531 | Temple   | Found a transporter.
  3531 | Temple   | Found a transporter.
  3533 | Temple   | Found a transporter.
  3533 | Temple   | Found a transporter.
  3551 | Temple   | Became a worshipper of Vehumet
  3598 | D:6      | Found a glowing drain.
  3609 | Sewer    | Entered a sewer
  3720 | Sewer    | Found a white marble altar of Elyvilon.
  3885 | D:6      | Reached skill level 6 in Conjurations
  3900 | D:6      | Slain by a gnoll

Illustrated notes

Levels and vault maps discovered:
D:1:      evilmike_arrival_rings, layout_rooms, shapermc_ecumenical_altar_venn
D:2:      layout_basic, serial_shops, shop, chequers_serial_rivers_large_b
D:3:      layout_basic, gammafunk_temple_overflow_forgotten,
          gammafunk_ghost_grave
D:4:      layout_layer_cave, ebering_ghost_sewer_f, uniq_grinder
D:6:      layout_rooms, minmay_temple_entry_glassed_door,
          cheibrodos_sewer_entry_sluice, uniq_maggie
Temple:   hellmonk_temple_divided_pantheon

Skill      XL: |  1  2  3  4  5  6  7 |
---------------+----------------------+-----
Conjurations   | 1 2 4 5 6 |  6.3
Summonings     | 1 2 3 |  3.4
Spellcasting   | 3 4 |  4.1
Dodging        | |  1.5
Stealth        | |  2.1
Transmutations | |  0.7
Earth Magic    | |  3.8

Action                     |  1- 3 |  4- 6 |  7- 9 || total
---------------------------+-------+-------+-------++-------
  Melee: Unarmed           |    14 |       |       ||    14
         Staff             |     8 |    25 |     2 ||    35
         Short sword       |     7 |       |       ||     7
   Cast: Sandblast         |    69 |    47 |    42 ||   158
         Stone Arrow       |       |     4 |     5 ||     9
    Use: Potion            |     2 |     5 |     3 ||    10
         Scroll            |       |     6 |     5 ||    11
 Armour: Robe              |    28 |    28 |    40 ||    96
         Skin              |     3 |       |       ||     3
  Dodge: Dodged            |    62 |    22 |    58 ||   142

Table legend: (Time is in decaauts)
 A = Elapsed time spent in this place.
 B = Non-inter-level travel time spent in this place.
 C = Inter-level travel time spent in this place.
 D = Time resting spent in this place.
 E = Time spent auto-exploring this place.
 F = Levels seen in this place.
 G = Mean time per level.
                   A        B        C        D        E       F      G
               +--------+--------+--------+--------+--------+-----+--------+
         Total |   4031 |   3822 |    209 |    733 |   2375 |   7 |  575.9 |
       Dungeon |   3805 |   3613 |    192 |    733 |   2239 |   5 |  761.0 |
        Temple |     35 |     18 |     17 |      0 |      6 |   1 |   35.0 |
         Sewer |    190 |    190 |      0 |      0 |    129 |   1 |  190.0 |
               +--------+--------+--------+--------+--------+-----+--------+

Top non-repeatable levels by time:
     D:2: 1041 daAuts
     D:3: 824 daAuts
     D:1: 770 daAuts
     D:4: 702 daAuts
     D:6: 467 daAuts
   Sewer: 190 daAuts
  Temple: 35 daAuts
